 Dungeon Crawl Stone Soup version 0.30-a0-241-g1121274140 (webtiles) character file.

Game seed: 12073473378987494874

271 zishaf the Ducker (level 6, 0/27 (40) HPs)
             Began as a Djinni Venom Mage on Oct 10, 2022.
             Killed from afar by Natasha (7 damage)
             ... with a magic dart
             ... on level 3 of the Dungeon.
             The game lasted 00:05:11 (2188 turns).

zishaf the Ducker (Djinni Venom Mage)               Turns: 2188, Time: 00:05:12

HP:   0/27 (40)     AC:  3    Str:  7    XL:     6   Next: 47%
Gold: 134           EV: 13    Int: 18    God:
                    SH:  0    Dex: 14

rFire   + + .      SeeInvis .    b - +0 dagger
rCold   x . .      Faith    .    (no shield)
rNeg    . . .      Spirit   .    a - +0 robe
rPois   ∞          Reflect  .    (no helmet)
rElec   .          Harm     .    c - +0 cloak
rCorr   .          Rampage  .    (no gloves)
Will    +....                    (boots unavailable)
Stlth   ++........               (no amulet)
HPRegen 0.24/turn                f - ring of willpower
MPRegen 0.00/turn                (no ring)

@: flying, very heavily drained
A: sickness immunity, fire resistance 2, cold vulnerability 1, float, innate
caster, HP casting, extra vitality 1
a: no special abilities


You were on level 3 of the Dungeon.
You visited 1 branch of the dungeon, and saw 3 of its levels.

You collected 134 gold pieces.

Inventory:

Hand Weapons
 b - a +0 dagger (weapon)
Armour
 a - a +0 robe (worn)
 c - a +0 cloak (worn)
 l - a +0 kite shield
Jewellery
 f - a ring of willpower (left hand)
Scrolls
 e - a scroll of noise {unknown}
 i - a scroll of butterflies {unknown}
 j - a scroll of vulnerability {unknown}
 k - a scroll of poison {unknown}
 o - a scroll of teleportation {unknown}
 p - a scroll of blinking {unknown}
Potions
 d - a potion of berserk rage {unknown}
 g - a potion of degeneration {unknown}
 h - 2 potions of might {unknown}
 m - a potion of ambrosia {unknown}
 n - a potion of resistance {unknown}


   Skills:
 + Level 4.3 Dodging
 + Level 3.5 Stealth
 + Level 3.5 Spellcasting


You couldn't memorise any spells.
You knew the following spells:

 Your Spells              Type           Power      Damage    Failure   Level
a - Sting                 Tmut/Pois      64%        1d6       3%          1
b - Poisonous Vapours     Pois/Air       32%        N/A       5%          2
c - Kiss of Death         Conj/Necr      64%        2d10      3%          1
d - Ensorcelled Hibernat  Hex/Ice        32%        N/A       5%          2
z - Mephitic Cloud        Conj/Pois/Air  16%        N/A       11%         3
A - Olgreb's Toxic Radia  Pois           16%        N/A       34%         4
Your spell library was empty.

Dungeon Overview and Level Annotations

Branches:
Dungeon (3/15)

Altars:

Annotations:
D:3 Natasha


Innate Abilities, Weirdness & Mutations

You are immune to sickness and miasma.
You are immune to poison.
Your flesh is very heat resistant. (rF++)
You are vulnerable to cold. (rC-)
You float through the air rather than walking.
You learn spells naturally, not from books.
Your magical power is your life essence.
You have superior vitality. (+4 MHP)


Message History

* * * LOW HITPOINT WARNING * * *
Things that are here:
a scroll labelled BUAFFYMINN; a hobgoblin corpse
Casting: Kiss of Death (safe; 3% risk of failure)
Confirm with . or Enter, or press ? or * to list all spells.
Aiming: Poisonous Vapours (safe; 5% risk of failure)
Press: ? - help, Dir - move target, f - Crazy Yiuf
Aim: Crazy Yiuf, wielding a +4 quarterstaff of chaos and wearing a +0 cloak (severely wounded, confused) Poisonous vapours surround Crazy Yiuf!
Crazy Yiuf is poisoned.
* * * LOW HITPOINT WARNING * * *
Unknown command.
Casting: Poisonous Vapours (safe; 5% risk of failure)
Confirm with . or Enter, or press ? or * to list all spells.
Aiming: Poisonous Vapours (safe; 5% risk of failure)
Press: ? - help, Dir - move target, f/p - Crazy Yiuf
Aim: Crazy Yiuf, wielding a +4 quarterstaff of chaos and wearing a +0 cloak (severely wounded, confused, poisoned) Poisonous vapours surround Crazy Yiuf!
Crazy Yiuf looks even sicker.
* * * LOW HITPOINT WARNING * * *
Unknown command.
There is a stone staircase leading up here.
You feel a bit more experienced.
You start resting.
Natasha is nearby!
Casting: Poisonous Vapours (safe; 5% risk of failure)
Confirm with . or Enter, or press ? or * to list all spells.
Aiming: Poisonous Vapours (safe; 5% risk of failure)
Press: ? - help, Dir - move target, f - Natasha
Aim: Natasha (severely wounded, wandering, hasn't noticed you) Poisonous vapours surround Natasha!
Natasha is poisoned.
Natasha hisses angrily.
Casting: Poisonous Vapours (safe; 5% risk of failure)
Confirm with . or Enter, or press ? or * to list all spells.
Aiming: Poisonous Vapours (safe; 5% risk of failure)
Press: ? - help, Dir - move target, f/p - Natasha
Aim: Natasha (severely wounded, poisoned) Poisonous vapours surround Natasha!
Natasha looks even sicker.
* * * LOW HITPOINT WARNING * * *
Natasha casts a spell at you. The magic dart hits you!
You die...

♣...♣♣ ♣....♣
#..h.# #
#....# .#
##...#######.#
##.#........#
#..?.......#
###........###
###..@........
#.......##.###
#..†....# .#
#....†..##.##
######..#†..#
#......#
#..#....$..
#..#...####
#......#


You could see Natasha (very poisoned).

Vanquished Creatures
  Sigmund (D:2)
  Crazy Yiuf (D:3)
  Natasha (D:3)
  2 adders (D:2)
  3 dart slugs
  4 endoplasms (D:1)
  A goblin (D:2)
  4 hobgoblins
  5 jackals (D:1)
  10 ball pythons
  8 bats
  2 frilled lizards
  4 kobolds
  A rat (D:1)
47 creatures vanquished.

Vanquished Creatures (others)
  4 plants (D:2)
4 creatures vanquished.

Grand Total: 51 creatures vanquished

Notes
Turn   | Place    | Note
-------+----------+-------------------------------------------
     0 | D:1      | zishaf the Djinni Venom Mage began the quest for the Orb.
     0 | D:1      | zishaf set off with the following spells memorised: Sting,
                  | Poisonous Vapours, Mephitic Cloud, Olgreb's Toxic Radiance.
     0 | D:1      | Reached XP level 1. HP: 15/15 MP: 0/0
    71 | D:1      | Reached XP level 2. HP: 9/21 MP: 0/0
   549 | D:1      | Reached XP level 3. HP: 23/25 MP: 0/0
   549 | D:1      | Learned a level 1 spell: Kiss of Death
  1089 | D:1      | Found a faded altar of an unknown god.
  1282 | D:2      | Reached skill level 3 in Dodging
  1411 | D:2      | Noticed Sigmund
  1434 | D:2      | Killed Sigmund
  1435 | D:2      | Reached skill level 4 in Dodging
  1435 | D:2      | Reached XP level 4. HP: 8/31 MP: 0/0
  1435 | D:2      | Reached XP level 5. HP: 10/35 MP: 0/0
  1435 | D:2      | Learned a level 2 spell: Ensorcelled Hibernation
  1435 | D:2      | Reached XP level 6. HP: 11/40 MP: 0/0
  2061 | D:3      | Found a runed translucent door.
  2062 | D:3      | Noticed Crazy Yiuf
  2082 | D:3      | Noticed Natasha
  2087 | D:3      | Killed Natasha
  2127 | D:3      | Noticed Natasha
  2159 | D:3      | Killed Crazy Yiuf
  2188 | D:3      | Killed from afar by Natasha

Illustrated notes

Levels and vault maps discovered:
D:1:      minmay_arrival_open_corners, layout_basic,
          shapermc_ecumenical_altar_hornbeckon
D:2:      layout_basic, minmay_shallow_snake_nest, uniq_sigmund
D:3:      layout_rooms, uniq_crazy_yiuf_cottage, uniq_natasha

Skill      XL: |  1  2  3 |
---------------+----------+-----
Stealth        | 2 3 |  3.5
Dodging        | 4 |  4.3
Spellcasting   | 3 |  3.5

Action                   |  1- 3 |  4- 6 || total
-------------------------+-------+-------++-------
Melee: Dagger            |     4 |     8 ||    12
       Punch             |     1 |       ||     1
 Cast: Sting             |    66 |    29 ||    95
       Poisonous Vapours |     5 |     6 ||    11
       Kiss of Death     |     1 |     3 ||     4
       Mephitic Cloud    |     1 |     1 ||     2
Armor: Robe              |    11 |     7 ||    18
Dodge: Dodged            |    23 |    25 ||    48

Table legend: (Time is in decaauts)
 A = Elapsed time spent in this place.
 B = Non-inter-level travel time spent in this place.
 C = Inter-level travel time spent in this place.
 D = Time resting spent in this place.
 E = Time spent auto-exploring this place.
 F = Levels seen in this place.
 G = Mean time per level.
                   A        B        C        D        E       F      G
               +--------+--------+--------+--------+--------+-----+--------+
         Total |   2186 |   2130 |     56 |    294 |   1473 |   3 |  728.7 |
       Dungeon |   2186 |   2130 |     56 |    294 |   1473 |   3 |  728.7 |
               +--------+--------+--------+--------+--------+-----+--------+

Top non-repeatable levels by time:
     D:1: 1127 daAuts
     D:2: 902 daAuts
     D:3: 156 daAuts
